[Event "9th Floripa Open 2023"]
[Site "Florianopolis"]
[Date "2023.01.26"]
[Round "5.8"]
[White "Saito, Vinicius"]
[Black "Rodriguez Vila, Andres"]
[Result "1/2-1/2"]
[ECO "C73"]
[WhiteElo "2138"]
[BlackElo "2435"]
[Annotator "TA"]
[PlyCount "125"]
[EventDate "2023.01.23"]
[EventType "swiss"]
[EventCountry "BRA"]
[SourceTitle "playchess.com"]
[Source "ChessBase"]
[SourceQuality "1"]
[TimeControl "5400+30"]

1. e4 e5 2. Nf3 Nc6 3. Bb5 a6 4. Ba4 d6 5. Bxc6+ bxc6 6. d4 exd4 7. Nxd4 c5 {[%emt 0:00:12] 7...c5 scores better than 7...Bd7.} 8. Nf3 {[%emt 0:07:28] C73: Ruy Lopez: Deferred Steinitz: 5 Bxc6+.} g6 9. Bg5 f6 10. Bd2 Bg7 {[%emt 0:00:16] [#]} 11. Bc3 $146 ({Predecessor:} 11. Nc3 Ne7 12. O-O O-O 13. Qc1 Rb8 14. b3 f5 15. Qe1 fxe4 16. Qxe4 d5 17. Qh4 {0-1 Salakhova,G (2125)-Vajda,S (2155) Budapest FS02 IM (Women) 1994 (4)}) 11... Ne7 12. O-O O-O 13. Nbd2 Be6 14. Re1 Qd7 15. Qe2 Rfe8 16. Rad1 (16. Nc4 $11 {feels stronger.}) 16... Bf7 ({Don't play} 16... Bxa2 17. b3 $16) 17. Qd3 Qb5 18. b3 Nc6 ({Better is} 18... Qxd3 $17 19. cxd3 Nc6) 19. Nc4 $11 Nb4 (19... a5 $5 ) 20. Bxb4 cxb4 21. Ne3 Qxd3 22. cxd3 a5 23. Rc1 c5 24. Nc4 (24. Nd2 $15) 24... Ra6 $17 25. h3 Rd8 26. Red1 Bh6 27. Rc2 d5 28. exd5 Bxd5 29. Ne3 Bxf3 30. gxf3 Bf8 31. Rcd2 a4 32. d4 axb3 33. axb3 Ra3 34. dxc5 Rxd2 35. Rxd2 Bxc5 {[%emt 0:00:39][%mdl 4096] Endgame KRB-KRN} 36. Rd3 Kf7 37. Kg2 Ke6 38. f4 Ra2 39. Kf3 Rb2 40. Kg3 h5 41. Kf3 h4 42. Nd1 Ra2 43. Ne3 f5 44. Nd1 Ra1 45. Ke2 Rb1 46. Kf3 Bd6 47. Ne3 Rh1 48. Kg2 {[%emt 0:00:26] Dodges Rh2+} Rc1 49. Kf3 Rc3 50. Rxc3 bxc3 {[%emt 0:00:06] KB-KN} 51. Nc2 Kd5 52. Ke3 {[%emt 0:02:02] [#]} Bc5+ $1 53. Kd3 {[%emt 0:01:10] Ne3+ would be deadly.} Bxf2 54. Nb4+ Kc5 55. Nc2 Bg1 (55... Bg3 $17 56. Ke3 Bh2) 56. Kxc3 $11 {[%emt 0:01:09] The position is equal.} Bh2 (56... Kd5 $5 57. Kd3 $8 Bf2 $11) 57. Nd4 Kd5 58. Nf3 ({But not} 58. Ne2 $2 Ke4 59. b4 Ke3 $19) 58... Bxf4 {[%emt 0:06:18] [#] And now ...Ke4 would win.} (58... Bg3 $5 59. Kd3 $8 (59. Ne5 g5 $19) 59... Kc5 $11) 59. Nxh4 Ke4 {[%emt 0:00:02] aiming for ...g5.} 60. Nxg6 Bd6 61. h4 {[%emt 0:00:37] Strongly threatening h5.} f4 62. Nxf4 Kxf4 63. Kd2 {[%emt 0:02:32] Weighted Error Value: White=0.08 (flawless) /Black=0.10 (very precise)} 1/2-1/2

[Event "9th Floripa Open 2023"]
[Site "Florianopolis"]
[Date "2023.01.26"]
[Round "5.9"]
[White "Matsuura, Everaldo"]
[Black "Burgos, Marcelo Alves"]
[Result "1-0"]
[ECO "B86"]
[WhiteElo "2426"]
[BlackElo "2143"]
[Annotator "TA"]
[PlyCount "133"]
[EventDate "2023.01.23"]
[EventType "swiss"]
[EventCountry "BRA"]
[SourceTitle "playchess.com"]
[Source "ChessBase"]
[SourceQuality "1"]
[TimeControl "5400+30"]

1. e4 c5 2. Nf3 d6 3. d4 cxd4 4. Nxd4 Nf6 5. Nc3 a6 6. Bc4 e6 7. a3 Be7 8. Ba2 b5 9. O-O O-O 10. f4 Nbd7 11. f5 e5 12. Nde2 Bb7 13. Ng3 Rc8 {[%emt 0:03:07][%cal Oc8c3] B86: Sicilian Scheveningen/Najdorf: 6 Bc4, without early ...b5.} 14. Bg5 (14. Qf3 $11) 14... a5 (14... Rxc3 $5 15. bxc3 Nxe4 16. Nxe4 Bxe4 17. Bxe7 Qxe7 $15) 15. Bxf6 Nxf6 {[%emt 0:00:16] Black is slightly better.} 16. Nh5 b4 (16... Bxe4 $2 17. Nxf6+ (17. Nxb5 $2 Qb6+ 18. Kh1 Qxb5 $19) 17... Bxf6 18. Nxe4 $18) (16... Nxe4 $2 17. Nxe4 Bxe4 18. Qg4 $18) (16... Nxh5 $15 17. Qxh5 b4 18. axb4 axb4) 17. Nxf6+ $11 Bxf6 {[%emt 0:00:21] This pair of bishops is nice.} 18. Nd5 {[%emt 0:07:10] Repels Qb6+} Bxd5 19. Bxd5 Qc7 {[%emt 0:01:03] Black is weak on the light squares} (19... bxa3 {looks sharper.} 20. b3 Qb6+ 21. Kh1 Qc5) 20. axb4 {[%emt 0:00:46] Active counter play!} axb4 {[%emt 0:02:01] [#]} 21. Rf2 $146 ({Predecessor:} 21. Bb3 Ra8 22. Qh5 Rxa1 23. Rxa1 Qc6 24. Bd5 Qc7 25. g3 Be7 26. Qe2 Rc8 27. Bb3 {1-0 Giaccio,A (2460)-Cubas,J (2165) South America zt 1998 (5)}) 21... Qb6 22. Qe2 Bg5 23. Kh1 Qd4 24. Rb1 Rc7 25. Rf3 Rfc8 26. Bb3 Ra8 27. Rd3 Qb6 28. Rbd1 Be7 29. Qh5 Bf8 (29... d5 $16 {is a better defense.} 30. Rxd5 (30. Bxd5 Rf8 $16) 30... Qf6) 30. Rh3 $18 h6 {[%emt 0:01:36] [#]} 31. f6 $1 Qf2 (31... d5 32. Bxd5) 32. fxg7 Bxg7 33. Rf3 {[%emt 0:08:21][%cal Rb3f7] Threatening mate with Bxf7+.} (33. Rxd6 $2 Qf1#) 33... Qe2 34. Rdf1 (34. Rxd6 $2 Qe1+) (34. Bxf7+ Kh8 35. Rdf1 (35. Rxd6 $2 Qe1+) 35... Qxe4 $16) 34... Kh8 35. Qf5 (35. Bxf7 $6 Rxf7 36. Qxf7 Rf8 37. Qxf8+ Bxf8 38. Rxf8+ Kg7 $16) (35. Qh4 $18) 35... Rca7 36. Bd5 (36. Bxf7 $2 Rf8 37. R1f2 (37. R3f2 $2 Qa6 $19) 37... Qb5 $19) 36... Rf8 37. Rg3 ({White should try} 37. g4 $18 {g5 would be deadly.} f6 38. R3f2) 37... Qxc2 $16 38. b3 (38. Rxg7 $6 Kxg7 39. Qf6+ Kh7 $11) 38... Qb2 39. h3 {[%emt 0:03:40] Kh2 is the strong threat.} (39. Rxg7 $6 Kxg7 40. Qf6+ Kh7 $11) 39... Ra1 40. Rxa1 $40 {[%emt 0:03:28][%mdl 128] Black is in trouble.} Qxa1+ 41. Kh2 Qc1 (41... Qd1 42. Bxf7 Qd2 43. Qg6 Rxf7 44. Qxf7 $18) 42. Rf3 {[%emt 0:01:33] Wards off Qf4+} (42. Bxf7 $2 {is the wrong capture.} Qf4 43. Qxf4 exf4 44. Rxg7 Kxg7 $19) 42... Qg5 43. Qd7 (43. Bxf7 {is interesting.} Qh4 44. Qg6 d5 45. Rg3) 43... Qd8 (43... f5 $14) 44. Qxd8 ({Resist} 44. Rxf7 Qg5 $14) 44... Rxd8 45. Rxf7 {[%emt 0:00:09][%mdl 4096] Endgame KRB-KRB} ({But not} 45. Bxf7 Bf8) 45... Rb8 46. Kg3 Kh7 47. Rd7 Rb6 $2 (47... h5 48. Rxd6 Rf8) 48. Kg4 $18 Rb8 49. Kf5 (49. Kh5 $142 Rf8 50. g4) 49... Rf8+ 50. Bf7 Rb8 51. Rxd6 Rf8 52. Rd7 Rb8 53. h4 {[%emt 0:01:15] Black must now prevent Kg4.} Rb6 (53... Rc8 $142 54. Rb7 Rc2) 54. Be6 (54. Kg4 $142 Kh8 55. Kh5) 54... h5 55. Rc7 Kh6 56. Re7 Bf8 (56... Rd6 $16 57. Bd5 Bf6) 57. Re8 $1 Bg7 58. g4 $1 hxg4 59. Kxg4 Rd6 {[%emt 0:01:21] [#]} 60. h5 (60. Bf5 $1 $18) 60... Rd1 {[%emt 0:00:35] [#]} 61. Bf7 ({Better is} 61. Bc4 $1 $16) 61... Rd6 $2 (61... Rg1+ $14 62. Kh3 Rf1 63. Re6+ Rf6) 62. Rb8 Rf6 63. Bg6 Bf8 $2 (63... Rf4+ $16 {is more resistant.} 64. Kg3 Rf6) 64. Bf5 Rf7 65. Rb6+ {[%emt 0:00:11] White mates.} Kg7 66. h6+ Kh8 67. Rb8 {[%emt 0:00:32] Weighted Error Value: White=0.24 (precise) /Black=0.28 (precise)} 1-0

[Event "9th Floripa Open 2023"]
[Site "Florianopolis"]
[Date "2023.01.26"]
[Round "5.10"]
[White "Nemeth Junior, Henrique"]
[Black "Cori T., Deysi"]
[Result "0-1"]
[ECO "B06"]
[WhiteElo "2193"]
[BlackElo "2356"]
[Annotator "TA"]
[PlyCount "78"]
[EventDate "2023.01.23"]
[EventType "swiss"]
[EventCountry "BRA"]
[SourceTitle "playchess.com"]
[Source "ChessBase"]
[SourceQuality "1"]
[TimeControl "5400+30"]

1. e4 d6 2. d4 g6 3. Be3 c6 4. Qd2 d5 5. Nc3 Bg7 6. e5 {[%emt 0:02:34] B06: Modern Defence.} f6 {[%emt 0:00:20] [#]} 7. f4 (7. Nf3 fxe5 8. Nxe5 Nd7 $14) 7... Nh6 8. Nf3 {[%emt 0:00:16] [#] White is better.} Bg4 $146 ({Predecessor:} 8... O-O 9. O-O-O Bg4 10. Be2 Nd7 11. h3 Bxf3 12. Bxf3 Nb6 13. Be2 Nf5 {1-0 Kunc,J (1798)-Mueller,M (2102) Klatovy op 22nd 2016 (2)}) 9. Be2 Nf5 10. O-O-O Nd7 11. Rhf1 Qb6 (11... Bxf3 $14 12. Bxf3 Nxe3 13. Qxe3 O-O) 12. h3 (12. Bf2 $16) 12... Bxf3 $14 13. Rxf3 fxe5 (13... Nxe3 $14 14. Na4 Nc4 15. Bxc4 (15. Nxb6 Nxd2 16. Nxa8 Nxf3 $11) 15... Qc7) 14. fxe5 $16 {[%emt 0:07:22][%cal Of3f5] Threatens to win with Rxf5!} (14. dxe5 Nxe3 15. Na4 Qc7 16. Qxe3 Qa5 $11) 14... Nxe3 {[%emt 0:05:45] [#]} 15. Qxe3 {[%emt 0:00:26] [#]} (15. Na4 $1 $16 Qd8 16. Qxe3 (16. Rxe3 Bh6 $17)) 15... Nxe5 $1 $11 16. Na4 (16. dxe5 $2 {too greedy.} Qxe3+ 17. Rxe3 Bh6 $19) (16. Rff1 $5 Nf7 17. Kb1 $15) (16. Rff1 Nf7) 16... Qa5 17. dxe5 {[%emt 0:00:18] Nc5 is the strong threat.} Qxa4 18. Kb1 Qa5 (18... Qe4 {simplifies} 19. Qxe4 dxe4 20. Rb3 Bxe5 21. Rxb7 Rf8) 19. e6 ({White should try} 19. Bd3 $15) 19... O-O-O $17 20. Rf7 Bf6 21. c3 (21. Rf1 $142) 21... Qb6 (21... d4 $142 22. cxd4 Bxd4) 22. Qxb6 (22. Qd3 $142) 22... axb6 23. Rf1 Rdf8 24. Rxf8+ Rxf8 {[%emt 0:00:01][%mdl 4096] Endgame KRB-KRB} 25. h4 h5 26. g3 Kc7 27. Rg1 Kd6 28. g4 (28. Bd3 $17) 28... Bxh4 $19 {[%emt 0:00:33] Hoping for ...Bf2.} 29. gxh5 gxh5 ({And not} 29... Kxe6 30. Rxg6+ Kf7 31. Bg4 $15) 30. Bxh5 Kxe6 31. Rg4 Rf1+ 32. Kc2 Rf2+ 33. Kd3 Bf6 34. Rb4 (34. c4 $142) 34... b5 {[%emt 0:00:10][%cal Bb6b5,Bb5c4][%mdl 32] And now ...Bg5 would win.} 35. a4 (35. Ke3 $142 Rh2 36. Be2) 35... Bg5 36. c4 bxc4+ 37. Kd4 Kd6 {[%emt 0:01:17] ( -> ...c5+)} 38. Rxb7 c5+ 39. Kc3 Bf6# {[%emt 0:12:38] Weighted Error Value: White=0.88/Black=0.09 (flawless)} 0-1